 Dungeon Crawl Stone Soup version 0.29.1-12-g30fa7ad0bf (webtiles) character file.

Game seed: 15328363291423240338

129 wormed the Sneak (level 5, -3/33 HPs)
             Began as a Gnoll Wanderer on Dec 24, 2022.
             Was a Priest of Hepliaklqana.
             Slain by Crazy Yiuf
             ... wielding a +3 quarterstaff of chaos
              (11 damage)
             ... on level 3 of the Dungeon.
             The game lasted 00:08:26 (2904 turns).

wormed the Sneak (Gnoll Wanderer)                   Turns: 2904, Time: 00:08:26

Health: -3/33      AC:  3    Str: 10    XL:     5   Next: 12%
Magic:  9/12       EV: 12    Int: 13    God:    Hepliaklqana [***...]
Gold:   135        SH:  0    Dex: 13    Spells: 10/14 levels left

rFire   . . .      SeeInvis .   a - +0 dagger
rCold   . . .      Faith    .   (no shield)
rNeg    . . .      Spirit   .   c - +0 robe
rPois   .          Reflect  .   (no helmet)
rElec   .          Harm     .   (no cloak)
rCorr   +          Rampage  .   (no gloves)
Will    .....                   d - +0 pair of boots
Stlth   +++.......              (no amulet)
HPRegen 0.11/turn               t - ring of resist corrosion
MPRegen 0.13/turn               (no ring)

@: very slightly contaminated
A: reduced essence, fangs 1, strong nose, distributed training
a: Renounce Religion, Recall Ancestor, Ancestor Identity, Transference


You were on level 3 of the Dungeon.
You worshipped Hepliaklqana.
Hepliaklqana was most pleased with you.
You visited 1 branch of the dungeon, and saw 3 of its levels.

You collected 135 gold pieces.

Inventory:

Hand Weapons
 a - a +0 dagger (weapon)
Missiles
 r - 2 javelins
 s - 3 poisoned darts
Armour
 c - a +0 robe (worn)
 d - a +0 pair of boots (worn)
Jewellery
 l - a +6 ring of intelligence
 q - a +6 ring of intelligence
 t - a ring of resist corrosion (left hand)
Scrolls
 b - 2 scrolls of fear
 e - a scroll of butterflies {unknown}
 g - a scroll of amnesia {unknown}
 j - a scroll of teleportation {unknown}
 n - a scroll of identify {unknown}
Potions
 f - 2 potions of heal wounds {unknown}
 h - a potion of attraction {unknown}
 i - a potion of berserk rage {unknown}
 k - 3 potions of curing {unknown}
 m - a potion of degeneration {unknown}
 o - a potion of haste {unknown}
 p - a potion of might {unknown}
 u - a potion of mutation {unknown}


   Skills:
 + Level 1.4 Fighting
 + Level 1.4 Short Blades
 + Level 1.4 Long Blades
 + Level 1.4 Axes
 + Level 1.4 Maces & Flails
 + Level 1.4 Polearms
 + Level 1.4 Staves
 + Level 1.4 Ranged Weapons
 + Level 1.4 Throwing
 + Level 1.4 Armour
 + Level 1.4 Dodging
 + Level 6.1 Stealth
 + Level 1.4 Shields
 + Level 1.4 Unarmed Combat
 + Level 5.2 Spellcasting
 + Level 1.1 Conjurations
 + Level 1.1 Hexes
 + Level 1.1 Summonings
 + Level 1.1 Necromancy
 + Level 1.1 Translocations
 + Level 1.1 Transmutations
 + Level 1.1 Fire Magic
 + Level 5.5 Ice Magic
 + Level 1.1 Air Magic
 + Level 1.1 Earth Magic
 + Level 1.1 Poison Magic
 + Level 3.0 Invocations
 + Level 1.4 Evocations


You had 10 spell levels left.
You knew the following spells:

 Your Spells              Type           Power      Damage    Failure   Level
a - Freeze                Ice            68%        1d8       1%          1
b - Ozocubu's Armour      Ice            17%        N/A       5%          3

Your spell library contained the following spells:

 Spells                   Type           Power      Damage    Failure   Level
 Foxfire                  Conj/Fire      24%        2x1d5     12%         1
 Magic Dart               Conj           24%        1d4       12%         1
 Necrotise                Necr           24%        1d5       12%         1
 Shock                    Conj/Air       24%        1d4       12%         1
 Summon Small Mammal      Summ           24%        N/A       12%         1
 Call Imp                 Summ           6%         N/A       17%         2
 Static Discharge         Conj/Air       6%         3-4/arc   17%         2
 Conjure Flame            Conj/Fire      6%         6-21      34%         3
 Inner Flame              Hex/Fire       6%         N/A       34%         3
 Mephitic Cloud           Conj/Pois/Air  6%         N/A       34%         3
 Swiftness                Air            6%         N/A       34%         3
 Airstrike                Air            3%         2d(1-17)  75%         4
 Cause Fear               Hex            3%         N/A       75%         4
 Flame Wave               Conj/Fire      6%         2d5       75%         4
 Lightning Bolt           Conj/Air       3%         1d14      97%         5
 Discord                  Hex            3%         N/A       100%        8
 Maxwell's Capacitive Co  Air            3%         ∞         100%        8


Dungeon Overview and Level Annotations

Branches:
Dungeon (3/15)

Altars:
Fedhas
Gozag
Hepliaklqana

Annotations:
D:3 Crazy Yiuf


Innate Abilities, Weirdness & Mutations

Your life essence is reduced to manifest your ancestor. (-10% HP)
You have very sharp teeth.
Your uncanny sense of smell can sniff out nearby items.
Your experience applies equally to all skills.


Message History

You see here a +0 war axe.
You open the door.
You swap places.
Tape misses Crazy Yiuf.
Crazy Yiuf hits tape with a +3 quarterstaff of chaos.
Crazy Yiuf burns tape.
Tape closely misses Crazy Yiuf.
Crazy Yiuf hits tape with a +3 quarterstaff of chaos.
Tape hits Crazy Yiuf with a +0 flail.
Tape blocks Crazy Yiuf's attack.
Tape misses Crazy Yiuf.
Crazy Yiuf waves his quarterstaff at you.
Crazy Yiuf barely misses tape.
Tape hits Crazy Yiuf with a +0 flail.
Crazy Yiuf says, "Fluff hand horse!"
Crazy Yiuf hits tape with a +3 quarterstaff of chaos!
Tape is destroyed!
Aiming: Freeze (safe; 1% risk of failure)
Press: ? - help, Q - select action, (/) - cycle Shift-Dir - straight line, f - Crazy Yiuf
Aim: Crazy Yiuf, wielding a +3 quarterstaff of chaos and wearing a +1 cloak of preservation (severely wounded)
You miscast Freeze.
You are very lightly contaminated with residual magic.
Nothing appears to happen.
Crazy Yiuf says, "Key wrapper koolooloo!"
Crazy Yiuf hits you with a +3 quarterstaff of chaos!
Crazy Yiuf burns you.
Aiming: Freeze (safe; 1% risk of failure)
Press: ? - help, Q - select action, (/) - cycle Shift-Dir - straight line, f/p - Crazy Yiuf
Aim: Crazy Yiuf, wielding a +3 quarterstaff of chaos and wearing a +1 cloak of preservation (severely wounded)
You freeze Crazy Yiuf.
Crazy Yiuf is almost dead.
Crazy Yiuf screams, "Papa!
Lugonu song sizzlefizz."
Crazy Yiuf hits you with a +3 quarterstaff of chaos.
* * * LOW HITPOINT WARNING * * *
You resist with some effort.
Aiming: Freeze (safe; 1% risk of failure)
Press: ? - help, Q - select action, (/) - cycle Shift-Dir - straight line, f/p - Crazy Yiuf
Aim: Crazy Yiuf, wielding a +3 quarterstaff of chaos and wearing a +1 cloak of preservation (almost dead)
You freeze Crazy Yiuf.
Crazy Yiuf is almost dead.
Crazy Yiuf hits you with a +3 quarterstaff of chaos!
You die...

..............#########.#.#
..............# #.#.#
.........###### ###.#
.........# #.# <).......# #.#
.........#### ### #.#
............## ###..)# #.#
....#........####g'...# #.#
...).........R#.@##...# #.#
..#######....#.### ### #.#
.........####### #.#
......#..# #.#
......#..################.#
.....##............#.##.#.#
........#..........#.##.#.#
...................#.##<#.####
.................#.#.##.#....#


You could see Crazy Yiuf.

Vanquished Creatures
  Jessica (D:3)
  3 adders
  A worm (D:3)
  A dart slug (D:2)
  6 endoplasms
  3 giant cockroaches
  5 goblins
  2 hobgoblins (D:1)
  4 quokkas
  6 ball pythons (D:1)
  7 bats
  5 frilled lizards (D:1)
  4 kobolds
  4 rats
52 creatures vanquished.

Vanquished Creatures (collateral kills)
  A worm (D:2)
  A dart slug (D:3)
  3 endoplasms
  A goblin (D:3)
  2 hobgoblins (D:3)
  2 ball pythons (D:3)
  3 rats
13 creatures vanquished.

Vanquished Creatures (others)
  A knight (D:3)
1 creature vanquished.

Grand Total: 66 creatures vanquished

Notes
Turn   | Place    | Note
-------+----------+-------------------------------------------
     0 | D:1      | wormed the Gnoll Wanderer began the quest for the Orb.
     0 | D:1      | wormed set off with the following items: a +0 dagger, a
                  | scroll of fear, a +0 robe, a +0 pair of boots; and the
                  | following spells available to memorise: Freeze, Ozocubu's
                  | Armour, Necrotise, Summon Small Mammal, Mephitic Cloud.
     0 | D:1      | Reached XP level 1. HP: 13/13 MP: 6/6
    17 | D:1      | Learned a level 1 spell: Freeze
   126 | D:1      | Reached XP level 2. HP: 19/19 MP: 7/7
   197 | D:1      | Found a faded altar of an unknown god.
   211 | D:1      | Prayed at the altar of an unknown god.
   211 | D:1      | Became a worshipper of Hepliaklqana the Forgotten
   211 | D:1      | Reached * piety under Hepliaklqana
   606 | D:1      | Reached skill level 5 in Spellcasting
   606 | D:1      | Reached XP level 3. HP: 22/22 MP: 7/9
   613 | D:1      | Learned a level 3 spell: Ozocubu's Armour
   673 | D:1      | Reached skill level 6 in Stealth
  1515 | D:2      | Reached skill level 1 in Fighting
  1515 | D:2      | Reached skill level 1 in Short Blades
  1515 | D:2      | Reached skill level 1 in Long Blades
  1515 | D:2      | Reached skill level 1 in Axes
  1515 | D:2      | Reached skill level 1 in Maces & Flails
  1515 | D:2      | Reached skill level 1 in Polearms
  1515 | D:2      | Reached skill level 1 in Staves
  1515 | D:2      | Reached skill level 1 in Ranged Weapons
  1515 | D:2      | Reached skill level 1 in Throwing
  1515 | D:2      | Reached skill level 1 in Armour
  1515 | D:2      | Reached skill level 1 in Dodging
  1515 | D:2      | Reached skill level 1 in Shields
  1515 | D:2      | Reached skill level 1 in Unarmed Combat
  1515 | D:2      | Reached skill level 1 in Evocations
  1553 | D:2      | Reached XP level 4. HP: 28/28 MP: 11/11
  1553 | D:2      | Reached ** piety under Hepliaklqana
  1555 | D:2      | Remembered your ancestor tape as a knight
  2158 | D:3      | Noticed Jessica
  2164 | D:3      | Killed Jessica
  2165 | D:3      | Reached skill level 1 in Conjurations
  2165 | D:3      | Reached skill level 1 in Hexes
  2165 | D:3      | Reached skill level 1 in Summonings
  2165 | D:3      | Reached skill level 1 in Necromancy
  2165 | D:3      | Reached skill level 1 in Translocations
  2165 | D:3      | Reached skill level 1 in Transmutations
  2165 | D:3      | Reached skill level 1 in Fire Magic
  2165 | D:3      | Reached skill level 1 in Air Magic
  2165 | D:3      | Reached skill level 1 in Earth Magic
  2165 | D:3      | Reached skill level 1 in Poison Magic
  2307 | D:3      | Found a blossoming altar of Fedhas.
  2345 | D:3      | Reached XP level 5. HP: 33/33 MP: 12/12
  2435 | D:3      | Found an opulent altar of Gozag.
  2458 | D:3      | Reached *** piety under Hepliaklqana
  2767 | D:3      | Found a runed translucent door.
  2768 | D:3      | Noticed Crazy Yiuf
  2904 | D:3      | Slain by Crazy Yiuf

Illustrated notes

Levels and vault maps discovered:
D:1:      nicolae_arrival_memento_mori, layout_loops_ring,
          ebering_ecumenical_altar_hall
D:2:      layout_basic
D:3:      layout_basic, fedhas_altar_1, grunt_gozag_statues,
          uniq_crazy_yiuf_cottage, uniq_jessica

Skill      XL: |  1  2  3  4 |
---------------+-------------+-----
Spellcasting   | 5 |  5.2
Stealth        | 6 |  6.1
Fighting       | 1 |  1.4
Short Blades   | 1 |  1.4
Long Blades    | 1 |  1.4
Axes           | 1 |  1.4
Maces & Flails | 1 |  1.4
Polearms       | 1 |  1.4
Staves         | 1 |  1.4
Ranged Weapons | 1 |  1.4
Throwing       | 1 |  1.4
Armour         | 1 |  1.4
Dodging        | 1 |  1.4
Shields        | 1 |  1.4
Unarmed Combat | 1 |  1.4
Evocations     | 1 |  1.4
Conjurations   | 1 |  1.1
Hexes          | 1 |  1.1
Summonings     | 1 |  1.1
Necromancy     | 1 |  1.1
Translocations | 1 |  1.1
Transmutations | 1 |  1.1
Fire Magic     | 1 |  1.1
Air Magic      | 1 |  1.1
Earth Magic    | 1 |  1.1
Poison Magic   | 1 |  1.1
Invocations    | 3 |  3.0
Ice Magic      | |  5.5

Action                   |  1- 3 |  4- 6 || total
-------------------------+-------+-------++-------
Melee: Dagger            |    53 |    18 ||    71
       Bite              |     6 |     4 ||    10
       Punch             |     1 |     1 ||     2
 Cast: Freeze            |    21 |    11 ||    32
Invok: Ancestor Identity |     2 |       ||     2
       Recall Ancestor   |     1 |       ||     1
       Ancestor Life: Kn |       |     1 ||     1
 Stab: Sleeping          |    16 |     6 ||    22
Armor: Robe              |    14 |     5 ||    19
Dodge: Dodged            |    28 |     9 ||    37
